AoeStats
← FK I'm Dead

Arena

509927271Analyzed
1v1 RM · 5d ago on Sep 28, 2026· 45m 55s· 2 players
Game mode
Random Map
Map size
Tiny (2 player)
Population
200
Speed
Normal
Resources
Standard
Victory
Conquest
Starting age
Dark Age
Ending age
Imperial Age
RankedLock teamsTeams togetherTeam positionsShared explorationLock speedFull tech treeHidden civsTurbo modeCheats
Victory
Defeat
🇺🇸 Saxons · United States
659
+17
🇨🇦 Jurchens · Canada
672
-34
misterstaff
5:19 Loom
11:31 Feudal Age
13:32 Double-Bit Axe
16:34 Castle Age
15:12 Horse Collar
16:15 Stone Mining
16:19 Gold Mining
18:04 Wheelbarrow
17:59 Town Watch
22:15 Scale Mail Armor
24:38 Treadmill Crane
27:10 Heavy Plow
29:38 Bow Saw
33:21 Imperial Age
31:21 Forging
31:52 Ballistics
31:32 Arson
31:33 Gambesons
31:51 Squires
34:06 Hand Cart
33:33 Elite Varangian Guard
35:30 Crop Rotation
35:01 Shield Wall
36:49 Chain Mail Armor
37:10 Iron Casting
36:27 Fletching
38:00 Two-Man Saw
37:19 Masonry
38:50 Siege Engineers
39:36 Conscription
40:57 Gold Shaft Mining
41:46 Chemistry
40:44 Murder Holes
43:01 Guilds
FK I'm Dead
4:31 Loom
12:09 Feudal Age
12:59 Double-Bit Axe
12:56 Horse Collar
14:23 Wheelbarrow
15:26 Man-at-Arms
16:10 Gold Mining
19:21 Castle Age
18:35 Stone Mining
19:04 Fletching
19:20 Scale Barding Armor
20:13 Bow Saw
20:13 Heavy Plow
22:09 Hand Cart
22:34 Forging
23:53 Fervor
23:34 Town Watch
24:27 Gold Shaft Mining
25:18 Bloodlines
25:09 Husbandry
27:40 Crossbowman
27:40 Elite Skirmisher
28:11 Light Cavalry
29:55 Chain Barding Armor
29:30 Bodkin Arrow
34:47 Imperial Age
32:29 Bodkin Arrow
33:10 Iron Casting
33:43 Squires
33:04 Pikeman
33:30 Gambesons
34:53 Devotion
35:14 Sanctity
35:08 Murder Holes
36:02 Ballistics
35:33 Guard Tower
37:00 Guilds
37:41 Conscription
38:08 Town Patrol
39:03 Elite Steppe Lancer
41:29 Hussar
Connection lost

Rejoining the realm…

Still unreachable

The connection could not be restored.

Session expired

The server has moved on; the page needs a fresh start.